 Dungeon Crawl Stone Soup version 0.31-a0-232-gb1c03b2570 (webtiles) character file.

Game seed: 3566693938739897948

46 qw the Shooter (level 3, 0/21 HPs)
             Began as a Gargoyle Hexslinger on July 7, 2023.
             Slain by a hobgoblin (2 damage)
             ... on level 2 of the Dungeon.
             The game lasted 00:00:20 (649 turns).

qw the Shooter (Gargoyle Hexslinger)                 Turns: 649, Time: 00:00:21

Health: 0/21       AC:  8    Str: 11    XL:     3   Next: 66%
Magic:  4/4        EV: 10    Int: 13    God:
Gold:   70         SH:  0    Dex: 14    Spells: 3/4 levels left

rFire   . . .        Y - +1 sling
rCold   . . .        (no shield)
rNeg    + . .        g - +0 ring mail
rPois   inf          (no helmet)
rElec   +            (no cloak)
rCorr   .            (no gloves)
SInv    .            (no boots)
Will    .....        (no amulet)
Stlth   +            (no ring)
HPRegen 0.23/turn    (no ring)
MPRegen 0.09/turn

%: no passive effects
@: no status effects
A: sickness immunity, AC +3, negative energy resistance 1, electricity
resistance, torment resistance 1, petrification resistance
a: no special abilities


You were on level 2 of the Dungeon.
You visited 1 branch of the dungeon, and saw 2 of its levels.

You collected 70 gold pieces.


Innate Abilities, Weirdness & Mutations

You are immune to sickness and miasma.
Your stone body is resilient. (AC +3)
You are immune to poison.
You resist negative energy. (rN+)
You are resistant to electric shocks. (rElec)
You are resistant to unholy torment.
You are immune to petrification.


   Skills:
 - Level 2.0 Fighting
 + Level 3.5 Ranged Weapons
 - Level 1.5 Dodging
 - Level 1.0 Spellcasting
 - Level 2.6 Hexes


You had 3 spell levels left.
You knew the following spells:

 Your Spells              Type           Power      Damage    Failure   Level
a - Slow                  Hex            28%        N/A       22%         1

Your spell library contained the following spells:

 Spells                   Type           Power      Damage    Failure   Level
 Inner Flame              Hex/Fire       4%         N/A       75%         3
 Portal Projectile        Hex/Tloc       8%         N/A       75%         3
 Cause Fear               Hex            3%         N/A       92%         4

Inventory:

Hand Weapons
 Y - a +1 sling (weapon)
Armour
 g - a +0 ring mail (worn)
Jewellery
 f - a ring of ice
Scrolls
 a - a scroll of identify
Potions
 h - a potion of lignification {unknown}
 i - a potion of brilliance {unknown}
 j - a potion of degeneration {unknown}
 k - a potion of curing {unknown}
 l - 2 potions of enlightenment {unknown}

Dungeon Overview and Level Annotations

Branches:
Dungeon (2/15)

Altars:


Message History

The hobgoblin hits you.
The jackal bites you but does no damage.
You shoot a sling bullet.
The sling bullet closely misses the jackal.
The jackal barely misses you. The hobgoblin closely misses you.
The jackal bites you but does no damage.
The hobgoblin hits you.
You shoot a sling bullet.
The sling bullet completely misses the jackal.
The jackal misses you.
The jackal bites you but does no damage.
The hobgoblin hits you.
You shoot a sling bullet. The sling bullet hits the jackal.
You kill the jackal!
The hobgoblin hits you. The jackal barely misses you.
You shoot a sling bullet. The sling bullet hits the jackal!
You kill the jackal!
The hobgoblin hits you. The hobgoblin barely misses you.
The endoplasm freezes you.
You are frozen.
You shoot a sling bullet. The sling bullet hits the endoplasm.
The endoplasm is heavily wounded.
The endoplasm hits you.
The hobgoblin hits you but does no damage.
You shoot a sling bullet.
The sling bullet barely misses the endoplasm.
The endoplasm freezes you.
You are frozen.
The hobgoblin barely misses you.
You shoot a sling bullet. The sling bullet hits the endoplasm.
You kill the endoplasm!
The hobgoblin hits you but does no damage.
The jackal bites you but does no damage.
The hobgoblin hits you but does no damage.
You shoot a sling bullet. The sling bullet hits the jackal.
You kill the jackal!
The hobgoblin completely misses you.
You shoot a sling bullet.
The sling bullet closely misses the hobgoblin.
The hobgoblin hits you.
You die...

....# ##.# ...## #.# .#.
#.# ... #.# ...# #.#####
.#. #.##!. #.##.#
########## # #.##.#
.....h...## ##.#.#.@#
.......h..##
#.....g#%.............#
#...##.......(..........#
#.# #.###..........<.h.#
# .... ..............#
...#. ..............#
..## .# #............##
.. .# #..........## .. .#
..########


You could see a hobgoblin.

Vanquished Creatures
  An adder (D:2)
  A worm (D:2)
  2 dart slugs (D:1)
  3 endoplasms
  2 giant cockroaches (D:1)
  A goblin (D:2)
  3 hobgoblins (D:1)
  3 jackals (D:2)
  A kobold (D:1)
  A quokka (D:1)
  4 ball pythons
  2 bats (D:1)
  2 frilled lizards (D:1)
  3 rats (D:1)
29 creatures vanquished.

Notes
Turn   | Place    | Note
-------+----------+-------------------------------------------
     0 | D:1      | qw the Gargoyle Hexslinger began the quest for the Orb.
     0 | D:1      | Reached XP level 1. HP: 12/12 MP: 2/2
     0 | D:1      | 0 ||| qw: Version: 0.3-a-46-gb1f654a
     0 | D:1      | 0 ||| qw: Game counter: 2586
     0 | D:1      | 0 ||| qw: Melee chars always use a shield: true
     0 | D:1      | 0 ||| qw: God list: Okawaru
     0 | D:1      | 0 ||| qw: Allow faded altars: false
     0 | D:1      | 0 ||| qw: Do Orc after clearing Dungeon:15 true
     0 | D:1      | 0 ||| qw: Do second Lair branch before Depths: true
     0 | D:1      | 0 ||| qw: Lair rune preference: random
     0 | D:1      | 0 ||| qw: Goals: Normal
     0 | D:1      | 0 ||| PLANNING D:1-11
   150 | D:1      | Reached XP level 2. HP: 16/16 MP: 3/3
   267 | D:1      | Reached skill level 3 in Ranged Weapons
   488 | D:1      | 488 ||| UPGRADING to +0 leather armour.
   498 | D:1      | 498 ||| DROPPING +0 robe.
   499 | D:1      | 499 ||| UPGRADING to +0 ring mail.
   509 | D:1      | 509 ||| DROPPING +0 leather armour.
   510 | D:1      | 510 ||| READING 2 scrolls labelled VIGROT CEMAFOPS.
   511 | D:1      | 511 ||| DROPPING scroll of poison.
   539 | D:2      | Reached XP level 3. HP: 21/21 MP: 4/4
   644 | D:2      | HP: 5/21 [frozen (1)]
   646 | D:2      | HP: 1/21 [frozen (4)]
   649 | D:2      | Slain by a hobgoblin

Levels and vault maps discovered:
D:1:      saegor_arrival_simple_d, layout_rooms, minmay_indecisive_spiral
D:2:      layout_rooms, feat_on_display

Skill      XL: |  1  2 |
---------------+-------+-----
Ranged Weapons | 3 |  3.5
Fighting       | 2 |  2.0
Dodging        | |  1.5
Spellcasting   | |  1.0
Hexes          | |  2.6

Action                     || total
---------------------------++-------
   Fire: Sling             ||    96
    Use: Scroll            ||     1
 Armour: Robe              ||     3
         Ring mail         ||    17
  Dodge: Dodged            ||    32

Table legend:
 A = Non-vault XP
 B = Vault XP
 C = Vault XP percentage of total XP
 D = Non-vault monster count
 E = Vault monster count
 F = Vault count percentage of total count
                 A         B        C        D         E       F
            +---------+---------+-------+---------+---------+-------
      Total |      57 |       9 |  13.6 |      25 |       4 |  13.8
            +---------+---------+-------+---------+---------+-------
        D:1 |      24 |       9 |  27.3 |      15 |       4 |  21.1
        D:2 |      33 |       0 |   0.0 |      10 |       0 |   0.0
            +---------+---------+-------+---------+---------+-------
